General information
- name: BNet
- type: Ladder team game (AT/RT)
- host: Battle.net
- saver: RomaVictor
map: GolemsInTheMist
- players: 8
- length: 40:59
- speed: Fast
- version: 1.26 W3XP
- replay type: Public
» download(203 KB)
Players
team 1 (winner)
RomaVictor (
purple | 93 APM | 3817 actions | 40:59)
10 Blood Mage
3 Flame Strike
3 Siphon Mana
1 Summon Phoenix
3 Banish
1 Tauren Chieftain
1 Endurance Aura
» actions
| Assign group hotkey | 47 | |
| Basic commands | 124 | |
| Build / train | 282 | |
| ESC pressed | 10 | |
| Enter build submenu | 111 | |
| Enter hero's abilities submenu | 11 | |
| Give item / drop item | 7 | |
| Right click | 1306 | |
| Select / deselect | 598 | |
| Select group hotkey | 1102 | |
| Use ability | 219 | |
3817 total
» units
| Peasant | 22 | |
| Footman | 13 | |
| Goblin Shredder | 7 | |
| Dragonhawk Rider | 13 | |
| Gryphon Rider | 3 | |
| Sorceress | 2 | |
| Wisp | 3 | |
| Tauren | 2 | |
| Grunt | 3 | |
| Goblin Sapper | 6 | |
74 total
» upgrades
| Masonry | 3 | |
| Swords | 3 | |
| Armor | 3 | |
| Lumber Harvesting | 2 | |
| Animal War Training | 1 | |
| Magic Sentry | 2 | |
| Sorceress Training | 2 | |
| Cloud | 1 | |
| Storm Hammers | 1 | |
| Nature's Blessing | 1 | |
| Reinforced Defenses | 1 | |
| Spiked Barricades | 1 | |
| Well Spring | 1 | |
| Pillage | 1 | |
| Berserker Strength | 1 | |
| Priest Training | 2 | |
| Control Magic | 1 | |
| Gunpowder | 3 | |
| Plating | 3 | |
| Defend | 1 | |
| Long Rifles | 1 | |
| Backpack | 1 | |
36 total
» buildings
| Altar of Kings | 1 | |
| Barracks | 1 | |
| Farm | 8 | |
| Arcane Vault | 2 | |
| Town Hall | 3 | |
| Scout Tower | 48 | |
| Arcane Tower | 4 | |
| Lumber Mill | 1 | |
| Keep | 2 | |
| Guard Tower | 95 | |
| Blacksmith | 1 | |
| Castle | 4 | |
| Gryphon Aviary | 6 | |
| Arcane Sanctum | 1 | |
| Ancient Protector | 11 | |
| Watch Tower | 19 | |
207 total
» build order
00:04 Altar of Kings
00:08 Barracks
00:13 Farm
01:08 Farm
02:06 Farm
02:30 Arcane Vault
03:39 Town Hall
04:13 Scout Tower
04:32 Farm
04:39 Arcane Tower
04:39 Arcane Tower
04:59 Farm
05:09 Scout Tower
05:10 Scout Tower
05:13 Lumber Mill
07:02 Scout Tower
07:03 Scout Tower
07:03 Keep
07:03 Keep
07:16 Guard Tower
07:16 Guard Tower
07:18 Scout Tower
07:19 Scout Tower
08:01 Guard Tower
08:01 Guard Tower
08:28 Blacksmith
08:32 Scout Tower
08:34 Scout Tower
08:37 Scout Tower
08:59 Guard Tower
08:59 Guard Tower
09:24 Guard Tower
09:24 Guard Tower
09:47 Castle
09:48 Castle
09:58 Gryphon Aviary
09:59 Gryphon Aviary
10:12 Scout Tower
10:13 Scout Tower
10:42 Guard Tower
10:42 Guard Tower
10:42 Guard Tower
10:43 Guard Tower
10:48 Scout Tower
10:51 Scout Tower
11:16 Town Hall
11:18 Guard Tower
11:18 Guard Tower
11:31 Guard Tower
11:32 Guard Tower
12:01 Arcane Sanctum
12:37 Scout Tower
12:38 Scout Tower
12:42 Scout Tower
12:42 Scout Tower
12:44 Scout Tower
12:49 Scout Tower
12:58 Farm
13:07 Guard Tower
13:07 Guard Tower
13:15 Scout Tower
13:16 Scout Tower
13:17 Scout Tower
13:35 Guard Tower
13:35 Guard Tower
13:42 Guard Tower
13:42 Guard Tower
14:13 Guard Tower
14:13 Guard Tower
14:26 Guard Tower
16:11 Scout Tower
16:12 Scout Tower
16:14 Scout Tower
16:15 Scout Tower
16:17 Scout Tower
17:06 Farm
17:09 Farm
17:15 Guard Tower
18:43 Ancient Protector
18:44 Ancient Protector
18:45 Ancient Protector
18:48 Ancient Protector
19:17 Scout Tower
19:17 Scout Tower
19:18 Scout Tower
19:19 Scout Tower
19:27 Watch Tower
19:28 Watch Tower
19:29 Watch Tower
19:30 Watch Tower
19:32 Watch Tower
19:48 Guard Tower
19:48 Guard Tower
19:48 Guard Tower
19:48 Guard Tower
19:49 Guard Tower
19:49 Guard Tower
19:54 Guard Tower
19:54 Guard Tower
19:54 Guard Tower
19:58 Guard Tower
19:58 Guard Tower
20:06 Guard Tower
20:06 Guard Tower
20:07 Guard Tower
20:08 Guard Tower
20:10 Guard Tower
20:11 Guard Tower
20:13 Guard Tower
20:14 Guard Tower
20:14 Guard Tower
20:19 Scout Tower
20:21 Scout Tower
20:24 Scout Tower
20:26 Scout Tower
20:29 Scout Tower
20:46 Guard Tower
20:46 Guard Tower
20:47 Guard Tower
20:48 Guard Tower
20:52 Guard Tower
20:52 Guard Tower
20:58 Guard Tower
20:58 Guard Tower
20:58 Guard Tower
20:59 Guard Tower
20:59 Guard Tower
20:59 Guard Tower
20:59 Guard Tower
21:00 Guard Tower
21:13 Guard Tower
21:13 Guard Tower
21:43 Guard Tower
21:43 Guard Tower
23:46 Arcane Vault
24:02 Watch Tower
24:03 Watch Tower
24:05 Watch Tower
24:07 Watch Tower
24:12 Watch Tower
24:16 Watch Tower
24:21 Ancient Protector
24:23 Ancient Protector
24:27 Ancient Protector
24:43 Ancient Protector
24:47 Ancient Protector
24:49 Ancient Protector
24:50 Ancient Protector
25:19 Scout Tower
25:20 Scout Tower
25:21 Scout Tower
25:23 Scout Tower
25:24 Scout Tower
26:21 Guard Tower
26:25 Town Hall
27:09 Gryphon Aviary
27:09 Gryphon Aviary
27:11 Gryphon Aviary
27:12 Gryphon Aviary
28:07 Scout Tower
28:08 Scout Tower
28:09 Scout Tower
28:12 Scout Tower
28:18 Scout Tower
28:22 Scout Tower
28:44 Watch Tower
28:44 Watch Tower
28:45 Watch Tower
28:46 Watch Tower
28:47 Watch Tower
28:49 Watch Tower
28:51 Watch Tower
29:03 Guard Tower
29:03 Guard Tower
29:03 Guard Tower
29:56 Watch Tower
» items
| Scroll of Regeneration | 5 | |
| Lesser Clarity Potion | 5 | |
| Scroll of Town Portal | 6 | |
| Potion of Healing | 3 | |
| Orb of Fire | 1 | |
| Staff of Sanctuary | 1 | |
| Ivory Tower | 10 | |
31 total

»
Terormates (
red | 45 APM | 797 actions | 17:32)
4 Demon Hunter
1 Immolation
2 Mana Burn
1 Evasion
2 Keeper of the Grove
1 Entangling Roots
1 Thorns Aura
» actions
| Assign group hotkey | 30 | |
| Build / train | 52 | |
| Enter build submenu | 16 | |
| Enter hero's abilities submenu | 6 | |
| Give item / drop item | 1 | |
| Right click | 199 | |
| Select / deselect | 193 | |
| Select group hotkey | 258 | |
| Use ability | 42 | |
797 total
» units
| Wisp | 13 | |
| Archer | 3 | |
| Huntress | 4 | |
| Hippogryph | 6 | |
| Dryad | 2 | |
| Chimaera | 7 | |
35 total
» upgrades
| Strength of the Moon | 1 | |
| Moon Armor | 1 | |
| Strength of the Wild | 1 | |
| Abolish Magic | 1 | |
| Reinforced Hides | 1 | |
5 total
» buildings
| Altar of Elders | 1 | |
| Moon Well | 7 | |
| Ancient of War | 1 | |
| Ancient of Wonders | 1 | |
| Hunter's Hall | 1 | |
| Tree of Ages | 1 | |
| Ancient of Lore | 1 | |
| Tree of Eternity | 1 | |
| Ancient of Wind | 1 | |
| Chimaera Roost | 2 | |
17 total
» build order
00:08 Altar of Elders
00:27 Moon Well
00:37 Ancient of War
02:05 Moon Well
02:13 Ancient of Wonders
02:24 Hunter's Hall
03:14 Moon Well
04:22 Tree of Ages
05:34 Moon Well
06:38 Moon Well
07:10 Ancient of Lore
07:13 Tree of Eternity
08:13 Ancient of Wind
09:36 Chimaera Roost
09:54 Chimaera Roost
12:50 Moon Well
12:55 Moon Well
» items

»
blousise (
blue | 60 APM | 1106 actions | 18:33)
3 Tauren Chieftain
2 War Stomp
1 Endurance Aura
» actions
| Build / train | 76 | |
| Enter build submenu | 26 | |
| Enter hero's abilities submenu | 3 | |
| Give item / drop item | 1 | |
| Remove unit from queue | 2 | |
| Right click | 349 | |
| Select / deselect | 586 | |
| Use ability | 63 | |
1106 total
» units
| Peon | 33 | |
| Troll Headhunter/Berserker | 10 | |
| Demolisher | 1 | |
| Shaman | 4 | |
| Troll Witch Doctor | 2 | |
| Tauren | 3 | |
53 total
» upgrades
| Spiked Barricades | 2 | |
| Troll Regeneration | 1 | |
| Shaman Training | 2 | |
| Witch Doctor Training | 2 | |
| Berserker Upgrade | 1 | |
| Burning Oil | 1 | |
| Pulverize | 1 | |
| Armor | 1 | |
11 total
» buildings
| Altar of Storms | 1 | |
| Orc Burrow | 7 | |
| War Mill | 2 | |
| Barracks | 1 | |
| Voodoo Lounge | 1 | |
| Stronghold | 1 | |
| Watch Tower | 7 | |
| Great Hall | 1 | |
| Spirit Lodge | 2 | |
| Fortress | 1 | |
| Tauren Totem | 2 | |
26 total
» build order
00:06 Altar of Storms
00:08 Orc Burrow
01:03 War Mill
01:11 Barracks
02:16 Orc Burrow
02:21 Voodoo Lounge
02:41 Orc Burrow
03:55 Orc Burrow
04:22 Stronghold
04:55 Orc Burrow
05:12 Watch Tower
05:57 Watch Tower
06:26 Great Hall
06:49 Spirit Lodge
07:05 Orc Burrow
08:02 Fortress
08:07 Spirit Lodge
09:36 Orc Burrow
10:29 Tauren Totem
11:53 Tauren Totem
12:13 Watch Tower
12:36 War Mill
13:15 Watch Tower
13:17 Watch Tower
15:16 Watch Tower
16:51 Watch Tower
» items
| Healing Salve | 2 | |
| Scroll of Town Portal | 1 | |
| Orb of Lightning | 1 | |
4 total
team 2 (loser)
TheAmerican (
pink | 68 APM | 2795 actions | 40:58)
5 Blood Mage
3 Flame Strike
2 Siphon Mana
» actions
| Assign group hotkey | 226 | |
| Basic commands | 373 | |
| Build / train | 90 | |
| Enter build submenu | 48 | |
| Enter hero's abilities submenu | 5 | |
| Give item / drop item | 4 | |
| Right click | 677 | |
| Select / deselect | 380 | |
| Select group hotkey | 847 | |
| Use ability | 145 | |
2795 total
» units
| Peasant | 14 | |
| Footman | 7 | |
| Goblin Shredder | 2 | |
| Sorceress | 2 | |
| Gryphon Rider | 3 | |
| Goblin Sapper | 6 | |
34 total
» upgrades
| Masonry | 3 | |
| Sorceress Training | 1 | |
| Magic Sentry | 1 | |
| Swords | 3 | |
| Armor | 3 | |
| Animal War Training | 1 | |
| Storm Hammers | 1 | |
| Cloud | 1 | |
14 total
» buildings
| Altar of Kings | 1 | |
| Barracks | 1 | |
| Farm | 10 | |
| Keep | 1 | |
| Arcane Vault | 2 | |
| Lumber Mill | 4 | |
| Town Hall | 5 | |
| Scout Tower | 45 | |
| Guard Tower | 9 | |
| Arcane Sanctum | 1 | |
| Castle | 1 | |
| Arcane Tower | 1 | |
| Gryphon Aviary | 6 | |
| Blacksmith | 2 | |
89 total
» build order
00:41 Altar of Kings
00:43 Barracks
00:54 Farm
01:06 Farm
01:07 Farm
02:07 Farm
03:29 Keep
03:43 Arcane Vault
03:45 Lumber Mill
03:51 Farm
04:20 Farm
04:57 Town Hall
05:30 Scout Tower
05:31 Scout Tower
05:32 Scout Tower
05:32 Scout Tower
05:33 Scout Tower
06:23 Guard Tower
07:08 Scout Tower
07:10 Scout Tower
07:11 Scout Tower
07:12 Scout Tower
07:13 Scout Tower
07:14 Scout Tower
07:16 Scout Tower
07:17 Scout Tower
08:01 Guard Tower
08:08 Scout Tower
08:08 Scout Tower
08:09 Scout Tower
08:12 Scout Tower
08:15 Scout Tower
08:20 Arcane Sanctum
08:28 Scout Tower
08:30 Scout Tower
08:31 Scout Tower
08:32 Scout Tower
08:33 Scout Tower
08:34 Scout Tower
08:34 Scout Tower
08:35 Scout Tower
08:41 Guard Tower
08:44 Guard Tower
09:30 Guard Tower
09:52 Castle
09:54 Guard Tower
10:07 Lumber Mill
10:28 Lumber Mill
10:47 Guard Tower
12:29 Scout Tower
12:29 Scout Tower
12:29 Scout Tower
12:30 Scout Tower
12:31 Scout Tower
12:37 Town Hall
12:39 Scout Tower
12:40 Scout Tower
12:40 Scout Tower
12:41 Scout Tower
12:42 Scout Tower
12:42 Scout Tower
12:43 Scout Tower
12:43 Scout Tower
12:43 Scout Tower
12:44 Scout Tower
12:44 Scout Tower
12:45 Scout Tower
12:46 Scout Tower
12:48 Scout Tower
13:45 Guard Tower
14:49 Guard Tower
16:12 Arcane Tower
16:32 Lumber Mill
17:03 Town Hall
17:18 Gryphon Aviary
17:19 Gryphon Aviary
17:21 Gryphon Aviary
17:22 Gryphon Aviary
17:25 Gryphon Aviary
17:29 Gryphon Aviary
17:36 Blacksmith
17:43 Blacksmith
20:41 Town Hall
21:21 Farm
21:22 Farm
21:24 Farm
21:29 Farm
22:40 Arcane Vault
28:14 Town Hall
» items
| Scroll of Regeneration | 4 | |
| Lesser Clarity Potion | 3 | |
| Potion of Healing | 6 | |
| Potion of Mana | 4 | |
| Scroll of Town Portal | 4 | |
| Orb of Fire | 1 | |
| Staff of Sanctuary | 1 | |
23 total
rupertrampton (
teal | 16 APM | 672 actions | 40:51)
7 Tauren Chieftain
3 War Stomp
3 Endurance Aura
1 Reincarnation
» actions
| Assign group hotkey | 4 | |
| Basic commands | 1 | |
| Build / train | 51 | |
| Enter build submenu | 28 | |
| Enter hero's abilities submenu | 7 | |
| Remove unit from queue | 2 | |
| Right click | 357 | |
| Select / deselect | 183 | |
| Use ability | 39 | |
672 total
» units
| Peon | 9 | |
| Grunt | 10 | |
| Goblin Shredder | 1 | |
| Goblin Zeppelin | 1 | |
| Tauren | 5 | |
| Demolisher | 1 | |
27 total
» upgrades
| Melee Weapons | 3 | |
| Armor | 3 | |
| Spiked Barricades | 1 | |
| Reinforced Defenses | 1 | |
| Pulverize | 1 | |
9 total
» buildings
| Altar of Storms | 1 | |
| Orc Burrow | 11 | |
| Barracks | 1 | |
| War Mill | 1 | |
| Stronghold | 1 | |
| Watch Tower | 5 | |
| Fortress | 1 | |
| Voodoo Lounge | 1 | |
| Tauren Totem | 3 | |
| Great Hall | 1 | |
26 total
» build order
00:10 Altar of Storms
00:17 Orc Burrow
01:13 Orc Burrow
01:39 Barracks
02:08 War Mill
02:54 Orc Burrow
04:27 Orc Burrow
04:32 Orc Burrow
05:58 Stronghold
06:09 Watch Tower
08:10 Orc Burrow
09:35 Fortress
10:50 Voodoo Lounge
12:00 Watch Tower
12:47 Watch Tower
15:33 Tauren Totem
15:36 Tauren Totem
15:40 Tauren Totem
16:31 Watch Tower
17:55 Orc Burrow
18:02 Orc Burrow
18:07 Orc Burrow
18:13 Orc Burrow
19:00 Watch Tower
23:45 Great Hall
23:50 Orc Burrow
» items
| Scroll of Town Portal | 1 | |
| Healing Salve | 1 | |
| Orb of Lightning | 1 | |
3 total

»
dxdt (
yellow | 20 APM | 817 actions | 40:08)
5 Mountain King
3 Storm Bolt
2 Thunder Clap
» actions
| Build / train | 59 | |
| Enter build submenu | 31 | |
| Enter hero's abilities submenu | 5 | |
| Remove unit from queue | 1 | |
| Right click | 271 | |
| Select / deselect | 401 | |
| Use ability | 49 | |
817 total
» units
| Peasant | 23 | |
| Footman | 3 | |
| Rifleman | 6 | |
| Goblin Zeppelin | 1 | |
| Gryphon Rider | 10 | |
43 total
» upgrades
» buildings
| Altar of Kings | 1 | |
| Farm | 13 | |
| Barracks | 1 | |
| Blacksmith | 1 | |
| Lumber Mill | 1 | |
| Keep | 1 | |
| Arcane Vault | 1 | |
| Castle | 1 | |
| Gryphon Aviary | 2 | |
| Town Hall | 1 | |
| Scout Tower | 5 | |
| Guard Tower | 2 | |
30 total
» build order
00:09 Altar of Kings
00:11 Farm
00:53 Barracks
01:24 Farm
02:08 Blacksmith
02:14 Farm
02:54 Farm
03:33 Lumber Mill
03:40 Farm
04:32 Keep
04:39 Farm
05:55 Farm
06:01 Arcane Vault
06:41 Farm
06:56 Castle
06:59 Gryphon Aviary
07:08 Gryphon Aviary
08:26 Farm
10:01 Farm
10:17 Town Hall
10:45 Farm
11:02 Farm
16:11 Farm
17:26 Scout Tower
17:44 Scout Tower
18:03 Guard Tower
18:10 Scout Tower
19:53 Scout Tower
20:19 Guard Tower
20:25 Scout Tower
» items
| Scroll of Regeneration | 2 | |
| Scroll of Town Portal | 1 | |
3 total
xXTheBestNoobXx (
green | 34 APM | 1351 actions | 39:50)
7 Demon Hunter
3 Immolation
3 Mana Burn
1 Metamorphosis
» actions
| Assign group hotkey | 20 | |
| Basic commands | 1 | |
| Build / train | 57 | |
| Enter build submenu | 18 | |
| Enter hero's abilities submenu | 7 | |
| Right click | 607 | |
| Select / deselect | 307 | |
| Select group hotkey | 268 | |
| Use ability | 66 | |
1351 total
» units
| Wisp | 11 | |
| Archer | 7 | |
| Dryad | 11 | |
| Druid of the Claw | 8 | |
37 total
» upgrades
| Reinforced Hides | 3 | |
| Strength of the Wild | 3 | |
| Abolish Magic | 1 | |
| Druid of the Claw Training | 2 | |
| Mark of the Claw | 1 | |
10 total
» buildings
| Altar of Elders | 2 | |
| Moon Well | 7 | |
| Ancient of War | 1 | |
| Tree of Ages | 1 | |
| Hunter's Hall | 1 | |
| Ancient of Lore | 3 | |
| Tree of Eternity | 1 | |
| Tree of Life | 1 | |
17 total
» build order
00:15 Altar of Elders
00:21 Moon Well
00:51 Ancient of War
02:01 Moon Well
02:52 Tree of Ages
02:58 Hunter's Hall
04:02 Moon Well
04:58 Moon Well
05:21 Ancient of Lore
05:23 Ancient of Lore
07:30 Tree of Eternity
09:35 Ancient of Lore
17:06 Moon Well
17:10 Moon Well
18:11 Moon Well
25:36 Tree of Life
29:26 Altar of Elders
Chat log
(00:12 / All) TheAmerican: USA ALL THE WAY BABY
(00:12 / Allies) Terormates: hi
(00:15 / All) TheAmerican: USA ALL DAY BABY
(00:21 / Allies) Terormates: slovakia
(00:24 / All) TheAmerican: USA! USA! USA!
(00:28 / Allies) RomaVictor: Estonia
(00:36 / Allies) blousise: fr
(00:38 / All) TheAmerican: Greetings from America, everyone
(00:46 / All) RomaVictor: Greeting from Estonia!
(01:21 / Allies) blousise: ...
(01:28 / Allies) Terormates: wtf?
(01:37 / Allies) Terormates: blizz?
(01:47 / Allies) blousise: afk
(01:50 / Allies) blousise: i hate it
(01:57 / Allies) Terormates: nice shit
(02:01 / Allies) blousise: ><
(04:07 / Allies) RomaVictor: I can expo at the orange player a little later
(07:11 / 4) RomaVictor: What did he do?
(07:30 / Allies) Terormates: we need atak
(09:42 / Allies) Terormates: wood plz
(09:57 / Allies) Terormates: th
(11:38 / Allies) blousise: army
(12:22 / All) RomaVictor: sick deny
(12:48 / Allies) blousise: wood plz
(13:34 / Allies) blousise: tp ?
(13:39 / Allies) Terormates: gold plz
(13:44 / Allies) RomaVictor: tp
(13:47 / Allies) blousise: go tp ?
(13:58 / Allies) Terormates: roma gold plz
(14:00 / Allies) Terormates: ?
(14:04 / Allies) Terormates: 20o0?
(14:04 / Allies) RomaVictor: then tp
(14:06 / Allies) RomaVictor: and I give you gold after
(14:14 / Allies) blousise: nice =)
(14:16 / Allies) blousise: alone
(14:19 / Allies) RomaVictor: gj red
(14:33 / Allies) RomaVictor: too late
(15:28 / Allies) blousise: gold plz
(15:32 / Allies) Terormates: spend fucking gold why u keeping
(15:45 / Allies) RomaVictor: You let three peons die
(15:47 / Allies) Terormates: noob bigest a ever see
(15:47 / Allies) RomaVictor: No gold for you
(16:27 / Allies) Terormates: ok i will leav
(16:30 / Allies) RomaVictor: bye!
(16:34 / Allies) RomaVictor: useless noob elf'
(17:23 / All) Terormates: i play with bigger noob ever him name is Roma see u lads kick him ash plz bey GL
(17:31 / All) RomaVictor: lol
(18:58 / 4) RomaVictor: my team all raged out
(21:48 / 4) RomaVictor: help
(23:19 / All) RomaVictor: FAGGOTS
(23:20 / All) RomaVictor: I 1v3d this with an afk
(23:22 / All) RomaVictor: and twol eavers
(23:23 / All) RomaVictor: time to leave
(23:36 / All) RomaVictor: ez
(25:03 / All) TheAmerican: I HEREBY CLAIM ALL GOLD MINES ON THIS MAP
(25:15 / All) TheAmerican: ANY OF YOU THAT TRESPASS ON MY PROPERTY WILL BE SHOT
(26:12 / All) TheAmerican: NOW YOU'RE ASKING FOR IT FAGGOT
(29:24 / All) TheAmerican: guess he was trying to deny me exp or something
(30:43 / All) RomaVictor: poor MK :(
(30:53 / All) RomaVictor: Thanks for lvl 10 bro.
(31:13 / All) RomaVictor: I 1v4ed all of you because I had an afk and two leavers. Leave.
(33:00 / All) TheAmerican: where are you running
(34:15 / All) TheAmerican: British people are so stupid
(34:30 / All) TheAmerican: yeah
(34:46 / All) RomaVictor: Not really. Everywhere is equally stupid. The only difference in America is that everyone is fat, too
(34:50 / All) RomaVictor: stupidity is overestimated
(34:54 / All) dxdt: Hahhaha
(35:01 / All) dxdt: Fat americans
(35:07 / All) RomaVictor: I'm not American.
(35:09 / All) dxdt: Europe is the best
(35:10 / All) TheAmerican: British are by far the dumbest White people
(35:22 / All) rupertrampton: lol who says i m white nub
(35:29 / All) RomaVictor: I'm a Romanus in the Senatus PopulusQue Romanus bro.
(35:31 / All) rupertrampton: white trash
(35:32 / All) TheAmerican: Are you a Paki?
(35:40 / All) TheAmerican: dothead lol
(35:50 / All) RomaVictor: Don't be disrespecting Rome
(35:52 / All) RomaVictor: Fucking cinaede
(36:01 / All) dxdt: I fuck rome
(36:12 / All) rupertrampton: pink nub is killing himself lol
(36:15 / All) RomaVictor: You are a fucking Catilline conspirator then
(36:34 / All) rupertrampton: lol pinks still only lvl 5
(36:35 / All) RomaVictor: Caesar will crush you, you goddamned barbarian, foreigner, non-Roman, and chinga tu madr!
(36:52 / All) RomaVictor: If I spoke finnish I would say you have a dick on your forehead
(36:55 / All) dxdt: And pink has just proven how retarded some of Americans are, goodbye
(36:58 / All) RomaVictor: Bye!
(37:06 / All) RomaVictor: Bella ciao ciao ciao!
(37:11 / All) rupertrampton: pink is my bitich
(37:17 / All) RomaVictor: Is that why he raped you?'
(37:20 / All) RomaVictor: You are terrible at the game
(37:24 / All) RomaVictor: beaten by an american lol
(37:26 / All) RomaVictor: what a disgrace
(37:28 / All) RomaVictor: time for you to leave
(37:33 / All) RomaVictor: want me to pause so you can find th exit button?
(37:35 / All) rupertrampton: you look as abd as pink
(37:35 / All) RomaVictor: press altqq
(37:37 / All) RomaVictor: time for you to leave
(37:37 / All) TheAmerican: Purple is victorious
(37:40 / All) rupertrampton: are u only lvl 5 too
(37:47 / All) RomaVictor: I 1v4ed you faggots with two people who left and an afk
(37:51 / All) RomaVictor: How embarassing is it?
(37:58 / All) rupertrampton: or do u just have a tiny penis
(38:11 / All) RomaVictor: It's proportional to my skill at WC3 so it's 100cm.
(38:14 / All) RomaVictor: equal to my APM
(38:23 / All) rupertrampton: lol your a nub
(38:32 / All) rupertrampton: so your penis is a nublet
(38:33 / All) RomaVictor: Oh?
(38:37 / All) RomaVictor: Is that why I raped you 1v4?
(38:47 / All) RomaVictor: You're mad as fuck or you would have left already
(38:50 / All) RomaVictor: fucking cabrone
(38:57 / All) rupertrampton: i dont care if your lvl 4 u cry like ababy
(39:00 / All) rupertrampton: whahha
(39:02 / All) rupertrampton: whahha
(39:05 / All) RomaVictor: If by crying you mean insulting you
(39:05 / All) rupertrampton: wahhha
(39:07 / All) RomaVictor: for being so bad
(39:08 / All) RomaVictor: OK buddy!
(39:12 / All) rupertrampton: wahhha
(39:14 / All) rupertrampton: whahha
(39:16 / All) rupertrampton: wahha
(39:19 / All) rupertrampton: wahhha
(39:23 / All) RomaVictor: pedicabo tu cinaede
(39:26 / All) RomaVictor: pedicabo tu pathice!
(39:30 / All) RomaVictor: lingua latina #1
(39:39 / All) rupertrampton: u are now my bitch number 2
(39:47 / All) rupertrampton: you and pink
(39:49 / All) dxdt: the internet is too funny
(39:51 / All) rupertrampton: BITCHES
(40:00 / All) RomaVictor: You are a disgrace to the UK
(40:09 / All) RomaVictor: I am #1 UK player on Northrend'
(40:14 / All) RomaVictor: 1v4 fucking raped
(40:16 / All) rupertrampton: I M NOT EVEN BRITISH NUB
(40:21 / All) RomaVictor: What are you then?
(40:24 / All) TheAmerican: Sure you aren't Ruper
(40:26 / All) RomaVictor: Brazilian?
(40:29 / All) rupertrampton: IN YOUR ASS
(40:33 / All) RomaVictor: Oh?
(40:35 / All) rupertrampton: ASSS HOLE
(40:40 / All) TheAmerican: Where are you from Rupert?
(40:45 / All) RomaVictor: Where are you from bro?
(40:56 / All) RomaVictor: Which team gets the loss?